Description

Economic and passive. Build up army, prepare defences

Replay - PvZ 4 gateway to templar - 1v1

Build Order

Get SALT Encoding   

  12  0:06  Probe (Chrono Boost)  
  13  0:22  Probe (Chrono Boost)  
  14  0:33  Pylon  
  15  0:40  Probe (Chrono Boost)  
  16  1:00  Gateway, Probe (Chrono Boost)  
  16  1:05  Assimilator  
  16  1:15  Assimilator  
  16  1:22  Probe (Chrono Boost)  
  17  1:34  Probe (Chrono Boost)  
  18  1:46  Probe (Chrono Boost)  
  19  1:52  Pylon  
  19  1:59  Probe (Chrono Boost)  
  20  2:11  Cybernetics Core  
  20  2:16  Probe (Chrono Boost)  
  21  2:21  Zealot  
  23  2:33  Probe (Chrono Boost)  
  25  3:10  Zealot  
  25  3:18  Gateway  
  27  3:32  Gateway  
  27  3:38  Gateway  
  27  3:41  Twilight Council  
  28  3:54  Warp Gate  
  28  4:42  Pylon  
  28  4:43  Zealot  
  30  4:58  Pylon  
  30  5:06  Pylon  
  30  5:07  Zealot x3  
  36  5:33  Forge  
  37  6:22  Charge  
  38  6:46  Nexus  
  39  6:53  Protoss Shields Level 1  
  39  7:07  Assimilator x2  
  39  7:17  Sentry x2  
  43  7:22  Stalker  
  45  7:33  Stalker  
  48  8:10  Zealot x3  
  55  8:22  Zealot  
  59  8:49  Photon Cannon  
  61  9:37  Nexus  
  61  9:41  Photon Cannon x2  
Spawning Tool Build Advisor. Get it on Overwolf

Analysis

Prepare for attacks, build void rays, Archons for tanks

Go to:

Details

  • Created by: triplejay2013
  • Published on: Jul 02, 2019
  • Modified on: Jul 02, 2019
  • Patch: 4.7.1
Show
View Real Time Build Order
Export as new Build Order

Comments (0)

There are no comments. Be the first!

Create an account to comment!